 Dungeon Crawl Stone Soup version 0.20.1-1-g8b1a95d (webtiles) character file.

84 markt42 the Covered (level 4, -7/28 HPs)
             Began as a Gargoyle Fighter on Oct 21, 2017.
             Killed by divine providence
             ... invoked by an orc priest
              (14 damage)
             ... on level 3 of the Dungeon.
             The game lasted 00:01:28 (1933 turns).

markt42 the Covered (Gargoyle Fighter)              Turns: 1933, Time: 00:01:28

Health: -7/28      AC: 10    Str: 21    XL:     4   Next: 45%
Magic:  4/4        EV:  7    Int:  8    God:
Gold:   125        SH:  9    Dex:  9    Spells: 3/3 levels left

rFire    . . .     SeeInvis .   a - +0 flail
rCold    . . .     Gourm    .   c - +0 shield
rNeg     + . .     Faith    .   b - +0 scale mail
rPois    ∞         Spirit   .   (no helmet)
rElec    +         Reflect  .   (no cloak)
rCorr    .         Harm     .   (no gloves)
MR       .....                  (no boots)
Stlth    ..........             (no amulet)
Regen    0.1/turn               (no ring)
MPRegen  0.1/turn               (no ring)

@: no status effects
A: negative energy resistance 1, electricity resistance, unbreathing,
petrification resistance, rot immunity, AC +3
a: no special abilities


You were on level 3 of the Dungeon.
You were hungry.

You visited 1 branch of the dungeon, and saw 3 of its levels.

You collected 125 gold pieces.

Inventory:

Hand Weapons
 a - a +0 flail (weapon)
Armour
 b - a +0 scale mail (worn)
 c - a +0 shield (worn)
Scrolls
 g - 3 scrolls of identify {unknown}
 k - a scroll of immolation {unknown}
 l - a scroll of blinking {unknown}
 m - a scroll of teleportation {unknown}
 n - a scroll of magic mapping {unknown}
Potions
 d - a potion of might
 e - 3 potions of heal wounds {unknown}
 h - 4 potions of agility {unknown}
 i - 3 potions of curing {unknown}
Comestibles
 f - 4 bread rations
 j - 2 meat rations
 o - 4 fruits


   Skills:
 + Level 3.5 Fighting
 * Level 3.1 Maces & Flails
 * Level 4.1 Armour
 + Level 3.9 Shields


You had 3 spell levels left.
You didn't know any spells.

Dungeon Overview and Level Annotations

Branches:
Dungeon (3/15)

Altars:
Elyvilon
Makhleb
Nemelex Xobeh
Sif Muna
Trog
Zin


Innate Abilities, Weirdness & Mutations

You are resistant to torment.
Your stone body is resilient. (AC +3)
You are immune to poison.
You resist negative energy. (rN+)
You are resistant to electric shocks. (rElec)
You can survive without breathing.
You are immune to petrification.
You are immune to rotting.


Message History

The orc wizard is moderately wounded.
The orc hits you but does no damage. You block the orc wizard's attack.
Unknown command.
Your shield prevents you from hitting the orc wizard.
The orc wizard is moderately wounded.
The orc priest mumbles some strange prayers to Beogh against you.
Beogh smites you!
Ouch! That really hurt!
* * * LOW HITPOINT WARNING * * *
You block the orc's attack. The orc wizard closely misses you.
You hear an angry hiss.
You are too injured to fight recklessly!
Unknown command.
You are too injured to fight recklessly!
Unknown command.
You are too injured to fight recklessly!
The orc priest mumbles some strange prayers to Beogh against you.
Beogh smites you!
Ouch! That really hurt!
You die...

.... #..#
..... #..#
...## .$.# #
...###...#
.#
#.....#.#.##
#..o........
#.#o.)..<..
#...oo.#.###
####@###....
##......#..
#..<.......
#...........
#...........
#.....).....
#...........
#...........
#...........


You could see an orc priest, an orc wizard and 2 orcs.

Vanquished Creatures
  A hound (D:2)
  An adder (D:2)
  A worm (D:2)
  A dart slug (D:2)
  2 leopard geckos
  2 ball pythons (D:1)
  A bat (D:2)
  2 giant cockroaches (D:1)
  5 goblins (D:1)
  5 hobgoblins (D:1)
  6 jackals
  4 kobolds
  3 frilled lizards
  2 rats
36 creatures vanquished.

Notes
Turn   | Place    | Note
-------+----------+-------------------------------------------
     0 | D:1      | markt42 the Gargoyle Fighter began the quest for the Orb.
     0 | D:1      | Reached XP level 1. HP: 14/14 MP: 1/1
   108 | D:1      | Reached XP level 2. HP: 17/19 MP: 2/2
   421 | D:1      | Reached XP level 3. HP: 23/23 MP: 3/3
  1050 | D:2      | Found a white marble altar of Elyvilon.
  1271 | D:2      | Found a sparkling altar of Nemelex Xobeh.
  1521 | D:2      | Found a glowing silver altar of Zin.
  1521 | D:2      | Found a bloodstained altar of Trog.
  1759 | D:2      | Found a deep blue altar of Sif Muna.
  1812 | D:2      | Found a burning altar of Makhleb.
  1817 | D:2      | Reached skill level 4 in Armour
  1817 | D:2      | Reached XP level 4. HP: 27/28 MP: 4/4
  1933 | D:3      | Killed from afar by an orc priest

Skill      XL: |  1  2  3 |
---------------+----------+-----
Maces & Flails | 3 |  3.1
Armour         | 4 |  4.1
Fighting       | |  3.5
Shields        | |  3.9

Action                   |  1- 3 |  4- 6 || total
-------------------------+-------+-------++-------
Melee: Flail             |   177 |     7 ||   184
  Eat: Chunk             |     3 |       ||     3
Armor: Scale mail        |    81 |     4 ||    85
Dodge: Dodged            |    54 |     2 ||    56
Block: Shield            |   100 |     8 ||   108
